 Dungeon Sprint DCSS version 0.30-a0-702-gdf48620a09 (webtiles) character file.

Game seed: 11240048128523024138

54 rocky1 the Fencer (level 7, -1/50 HPs)
             Began as a Merfolk Gladiator on Jan 22, 2023.
             Was an Initiate of Gozag.
             Slain by a cyclops (27 damage)
             ... in the Dungeon (Sprint VI: "Thunderdome").
             The game lasted 00:05:34 (379 turns).

rocky1 the Fencer (Merfolk Gladiator)                Turns: 379, Time: 00:05:34

Health: -1/50      AC:  8    Str: 22    XL:     7   Next: 53%
Magic:  7/7        EV: 13    Int: 11    God:    Gozag
Gold:   658        SH:  0    Dex: 17    Spells: 6/6 levels left

rFire   + + .      SeeInvis .    a - +0 long sword
rCold   + . .      Faith    .    (no shield)
rNeg    . . .      Spirit   .    b - +0 leather armour
rPois   .          Reflect  .    c - +0 helmet
rElec   +          Harm     .    (no cloak)
rCorr   .          Rampage  .    (no gloves)
Will    .....      NoTele   +    (no boots)
Stlth   +                        p - amulet of Sibang {rF+ Regen+}
HPRegen 1.08/turn                r - ring "Evepsill" {rElec rC+ AC+4 Str+2 Int+3}
MPRegen 0.10/turn                q - ring "Zonol" {rF+ Str+6}

@: no status effects
A: (nimble swimmer 2), mertail
a: Renounce Religion, Potion Petition, Call Merchant, Bribe Branch


You were in the Dungeon.
You worshipped Gozag.
Gozag was pleased with you.
You visited 1 branch You collected 793 gold pieces.
You spent 135 gold pieces at shops.

Inventory:

Hand Weapons
 a - a +0 long sword (weapon)
Missiles
 d - 2 throwing nets (quivered)
 e - a javelin
Armour
 b - a +0 leather armour (worn)
 c - a +0 helmet (worn)
Jewellery
 p - the amulet of Sibang (around neck) {rF+ Regen+}
   (You bought it in a shop in the Dungeon)

   [amulet of regeneration]

   rF:        It protects you from fire.
   Regen:     It increases your rate of health regeneration.
 q - the ring "Zonol" (right hand) {rF+ Str+6}
   (You bought it in a shop in the Dungeon)

   [ring of protection from fire]

   Str:       It affects your strength (+6).
   rF:        It protects you from fire.
 r - the ring "Evepsill" (left hand) {rElec rC+ AC+4 Str+2 Int+3}
   (You bought it in a shop in the Dungeon)

   [ring of protection]

   AC:        It affects your AC (+4).
   Str:       It affects your strength (+2).
   Int:       It affects your intelligence (+3).
   rC:        It protects you from cold.
   rElec:     It insulates you from electricity.
Wands
 m - a wand of acid (4)
Scrolls
 k - 4 scrolls of blinking
 o - 3 scrolls of fog
Potions
 f - a potion of brilliance
 g - a potion of heal wounds
 h - 4 potions of haste
 i - 2 potions of magic
 j - a potion of berserk rage
 l - a potion of resistance


   Skills:
 - Level 2.1 Fighting
 * Level 18.6 Long Blades
 - Level 2.0 Throwing
 - Level 4.0 Dodging


You had 6 spell levels left.
You didn't know any spells.
Your spell library was empty.

Dungeon Overview and Level Annotations

Branches:
Dungeon (1/1)

Altars:
Cheibriados
Dithmenos
Fedhas
Gozag
Kikubaaqudgha
Makhleb
Okawaru
Qazlal
Ru
Sif Muna
Trog
Uskayaw
Vehumet
Wu Jian
Xom
Yredelemnul
Zin
The Shining One
Lugonu

Shops:
D *[??*?*:[((!!!!


Innate Abilities, Weirdness & Mutations

((You are very nimble when in or above water. (Stealth+, EV+, Speed+++)))
Your lower body shifts to a powerful aquatic tail in water.


Message History

The cyclops throws a large rock.
The large rock misses you. The cyclops closely misses you.
Throw: 3 throwing nets
Press: ? - help, Q - select action, (/) - cycle Shift-Dir - straight line, f - cyclops
Aim: a cyclops, quivering large rocks (86% to hit, immune to nets)
You throw a throwing net. The throwing net hits the cyclops.
The cyclops is too large for the net to hold!
The cyclops barely misses you.
You hit the cyclops.
The cyclops is lightly wounded.
You hit the cyclops but do no damage.
The cyclops is lightly wounded.
The cyclops hits you!
You slash the cyclops!
The cyclops is moderately wounded.
You hit the cyclops.
The cyclops is moderately wounded.
The cyclops misses you.
You slash the cyclops!
The cyclops is heavily wounded.
You hit the cyclops but do no damage.
The cyclops is heavily wounded.
The cyclops hits you!!
Ouch! That really hurt!
* * * LOW HITPOINT WARNING * * *
You hit the cyclops but do no damage.
The cyclops is heavily wounded.
You feel much better. The cyclops hits you!
You hit the cyclops.
The cyclops is heavily wounded.
You slash the cyclops!
The cyclops is severely wounded.
The cyclops hits you!
* * * LOW HITPOINT WARNING * * *
You hit the cyclops but do no damage.
The cyclops is severely wounded.
You feel much better. The cyclops hits you!!
Ouch! That really hurt!
You die...
Your body crumbles into a pile of gold.

##.........###
⌠...........⌠#
.8..[......8.######
..)..###......___∩##
...8.# #.8........∩###
.....###.............##
..###...###..........⌠#
..# #.<.# #..........⌠#
..###...###.....@C...⌠#
.....###.............##
...8.# #.8........∩###
.....###......___∩##
.8.........8.######
⌠...........⌠#
##.........###
#........_# #_......._#


You could see a cyclops.

Vanquished Creatures
  A harpy (D)
  Sigmund (D)
  2 jellies (D)
  Terence (D)
  A dart slug (D)
  An orc (D)
  4 endoplasms (D)
  A hobgoblin (D)
12 creatures vanquished.

Notes
Turn   | Place    | Note
-------+----------+-------------------------------------------
     0 | D        | rocky1 the Merfolk Gladiator began the quest for the Orb.
     0 | D        | Reached XP level 1. HP: 16/16 MP: 1/1
     4 | D        | Found an opulent altar of Gozag.
     4 | D        | Found a shimmering blue altar of Sif Muna.
     5 | D        | Found a burning altar of Makhleb.
     5 | D        | Found a radiant altar of Vehumet.
     5 | D        | Round 1.
     6 | D        | Found an ornate altar of the Wu Jian Council.
     7 | D        | Found a glowing silver altar of Zin.
     7 | D        | Found a snail-covered altar of Cheibriados.
     7 | D        | Found a blossoming altar of Fedhas.
     7 | D        | Found Ceggom's Magic Scroll Shop.
     7 | D        | Found Qydouf's Staff Store.
     8 | D        | Found Dutyo's Magic Scroll Shop.
     8 | D        | Found Lagat's Must-Have Magic.
     9 | D        | Noticed Sigmund
    15 | D        | Killed Sigmund
    16 | D        | Reached skill level 13 in Long Blades
    16 | D        | Reached XP level 2. HP: 22/22 MP: 2/2
    16 | D        | Reached XP level 3. HP: 27/27 MP: 3/3
    16 | D        | Reached XP level 4. HP: 33/33 MP: 4/4
    16 | D        | Reached XP level 5. HP: 38/38 MP: 5/5
    27 | D        | Found Jeaw Yma's Jewellery.
    28 | D        | Found Kuxitaj's Advanced Armour.
    29 | D        | Found a hide-covered altar of Uskayaw.
    29 | D        | Found Mulafer's Identification Station.
    32 | D        | Became a worshipper of Gozag Ym Sagoz the Greedy
    54 | D        | Found a glowing golden altar of the Shining One.
    58 | D        | Found a shimmering altar of Xom.
    61 | D        | Found Uwiji's Distillery.
    62 | D        | Found Cuirora's Distillery.
    62 | D        | Found Tikhleitu's Bottled Wisdom.
    64 | D        | Found a sacrificial altar of Ru.
    64 | D        | Found a basalt altar of Yredelemnul.
    64 | D        | Found an ancient bone altar of Kikubaaqudgha.
    64 | D        | Found Gedep's Do-It-Yourself Clinic.
    70 | D        | Found a bloodstained altar of Trog.
    72 | D        | Found a corrupted altar of Lugonu.
    75 | D        | Found an iron altar of Okawaru.
    76 | D        | Found Kufer's Weapon Rack.
    78 | D        | Found a shadowy altar of Dithmenos.
    78 | D        | Found a stormy altar of Qazlal.
    78 | D        | Found Moniuhad's Premium Goods.
    79 | D        | Found Ytseuw's Basic Armour.
    79 | D        | Found Plog's Miscellaneous Merchandise.
   112 | D        | Noticed Terence
   120 | D        | Killed Terence
   120 | D        | Arena points: 12 (+12) [x2]
   153 | D        | Round 2.
   158 | D        | Reached skill level 14 in Long Blades
   186 | D        | Reached XP level 6. HP: 44/44 MP: 6/6
   246 | D        | Arena points: 54 (+42) [x3]
   264 | D        | Bought a brightly glowing copper amulet for 45 gold pieces
   264 | D        | Identified the amulet of Sibang {rF+ Regen+} (You bought it
                  | in a shop in the Dungeon)
   264 | D        | Bought a fine lapis lazuli ring for 45 gold pieces
   264 | D        | Identified the ring "Zonol" {rF+ Str+6} (You bought it in a
                  | shop in the Dungeon)
   264 | D        | Bought a flickering platinum ring for 45 gold pieces
   264 | D        | Identified the ring "Evepsill" {rElec rC+ AC+4 Str+2 Int+3}
                  | (You bought it in a shop in the Dungeon)
   304 | D        | Round 3.
   325 | D        | Noticed a harpy
   334 | D        | Killed a harpy
   335 | D        | Reached skill level 18 in Long Blades
   335 | D        | Reached XP level 7. HP: 27/50 MP: 7/7
   359 | D        | Noticed a cyclops
   379 | D        | Slain by a cyclops

Illustrated notes

Levels and vault maps discovered:
D:        arena_sprint

Skill      XL: |  1  2  3  4  5  6 |
---------------+-------------------+-----
Long Blades    | 13 14 18 | 18.6
Fighting       | |  2.1
Throwing       | |  2.0
Dodging        | |  4.0

Action                   |  1- 3 |  4- 6 |  7- 9 || total
-------------------------+-------+-------+-------++-------
Melee: Long sword        |     1 |    29 |    10 ||    40
Throw: Throwing net      |       |       |     1 ||     1
Evoke: Wand              |     3 |     3 |       ||     6
  Use: Potion            |     1 |     1 |     2 ||     4
Armor: Leather armour    |       |     4 |       ||     4
Dodge: Dodged            |     1 |    11 |     4 ||    16

Table legend: (Time is in decaauts)
 A = Elapsed time spent in this place.
 B = Non-inter-level travel time spent in this place.
 C = Inter-level travel time spent in this place.
 D = Time resting spent in this place.
 E = Time spent auto-exploring this place.
 F = Levels seen in this place.
 G = Mean time per level.
                   A        B        C        D        E       F      G
               +--------+--------+--------+--------+--------+-----+--------+
         Total |    366 |    366 |      0 |     68 |      0 |   1 |  366.0 |
       Dungeon |    366 |    366 |      0 |     68 |      0 |   1 |  366.0 |
               +--------+--------+--------+--------+--------+-----+--------+

Top non-repeatable levels by time:
       D: 366 daAuts
